Map: 이터널 엠파이어 - 래더

Players

LiquidClem (Clem) - Winner!

  • Race: Terran Terran
  • League: Grandmaster
  • Spawn Location: 7:00

SouLeer

  • Race: Zerg Zerg
  • Spawn Location: 1:00

Event: DreamHack SC2 Masters 2020 Fall

VOD

Have the link to the VOD?

Description

Time

  • Played on: Sept. 6, 2020, 12:59 p.m.
  • Length: 9:06

All games in this series

Show
View Real Time Build Order
Export as new Build Order

LiquidClem Terran - Winner!

Build Orders: Hellion Banshee 

Get SALT Encoding   

  12  0:00  SCV  
  13  0:12  SCV  
  14  0:17  Supply Depot  
  14  0:24  SCV  
  15  0:38  SCV  
  15  0:39  Barracks  
  16  0:44  Refinery  
  16  0:50  SCV  
  17  1:03  SCV  
  18  1:15  SCV  
  19  1:26  Marine  
  19  1:27  Orbital Command  
  19  1:30  Bunker  
  20  1:36  Supply Depot  
  20  1:44  Marine  
  21  1:52  SCV  
  22  2:02  Command Center  
  22  2:04  Marine  
  22  2:07  SCV  
  24  2:15  Factory  
  24  2:19  SCV  
  25  2:26  Supply Depot  
  25  2:27  Marine  
  26  2:31  SCV  
  27  2:37  Refinery  
  27  2:43  SCV  
  28  2:50  Barracks Reactor  
  28  2:55  SCV  
  29  2:59  Starport, Hellion  
  31  3:07  SCV  
  32  3:15  Orbital Command  
  32  3:20  SCV  
  33  3:31  Hellion x2  
  33  3:32  Barracks Tech Lab  
  37  3:35  SCV  
  37  3:36  Orbital Command  
  38  3:48  SCV  
  38  3:52  Cloaking Field  
  38  3:53  Banshee  
  38  3:54  Hellion  
  44  4:00  Supply Depot  
  44  4:02  SCV  
  45  4:03  SCV  
  45  4:07  Barracks Tech Lab  
  46  4:14  SCV  
  46  4:15  Hellion x2  
  51  4:17  SCV  
  52  4:24  Supply Depot  
  52  4:26  Stimpack, SCV  
  52  4:30  SCV  
  54  4:35  Banshee  
  57  4:38  SCV  
  58  4:50  Command Center, Factory Reactor, SCV  
  59  4:54  Barracks  
  59  4:57  Barracks, SCV  
  60  5:01  Marine  
  60  5:02  Supply Depot  
  61  5:07  Engineering Bay  
  61  5:08  Engineering Bay, SCV  
  61  5:12  SCV  
  63  5:18  Marine  
  63  5:20  SCV  
  65  5:24  SCV  
  62  5:31  Supply Depot  
  62  5:32  SCV  
  63  5:36  SCV, Marine  
  63  5:38  Starport Reactor  
  63  5:40  Terran Infantry Armor Level 1, Terran Infantry Weapons Level 1  
  60  5:44  SCV, Marine x2  
  60  5:45  Siege Tank  
  60  5:48  SCV  
  64  5:54  Marine  
  64  5:55  Marine x2  
  67  6:00  Barracks x2  
  67  6:01  Refinery, Supply Depot  
  67  6:02  Refinery  
  67  6:03  Orbital Command  
  67  6:06  SCV  
  67  6:07  SCV  
  67  6:09  Marine x2  
  71  6:12  Marine  
  72  6:20  Medivac, Siege Tank  
  72  6:22  Marine x2  
  72  6:24  SCV x2  
  81  6:27  Orbital Command, Marine x2  
  81  6:29  Supply Depot  
  83  6:36  SCV, Supply Depot  
  83  6:37  Medivac  
  86  6:40  Combat Shield  
  86  6:44  SCV  
  86  6:46  Marine x3  
  90  6:48  Supply Depot  
  90  6:49  Barracks Reactor  
  90  6:50  Barracks Reactor  
  90  6:53  SCV  
  90  6:54  SCV  
  92  6:55  Marine  
  92  6:59  SCV, Marine  
  95  7:02  Siege Tank  
  98  7:10  Supply Depot  
  98  7:12  Supply Depot  
  98  7:13  Medivac  
  98  7:15  SCV x2  
  102  7:16  SCV  
  102  7:17  Marine x3  
  102  7:18  Marine  
  102  7:20  Marine  
  102  7:21  Supply Depot  
  108  7:23  Medivac  
  108  7:26  Marine  
  108  7:27  Marine  
  108  7:29  Armory  
  112  7:30  Marine x2  
  112  7:34  Marine  
  112  7:36  SCV x3  
  118  7:38  Supply Depot  
  118  7:39  Supply Depot, Marine  
  118  7:40  Marine  
  118  7:43  Marine x2  
  122  7:44  Siege Tank  
  122  7:46  Marine x2  
  125  7:54  Medivac  
  125  7:55  Marine  
  125  7:56  Marine x3  
  120  7:59  SCV  
  120  8:05  Marine  
  120  8:06  Refinery  
  120  8:07  Command Center, Marine x2  
  120  8:08  SCV x2  
  120  8:10  Marine  
  120  8:11  SCV  
  126  8:17  Marine  
  124  8:20  Marine  
  124  8:21  Marine x3  
  124  8:22  Siege Tank  
  124  8:24  SCV x2  
  133  8:27  SCV  
  133  8:30  Factory, Marine x2  
  133  8:31  Marine  
  133  8:32  Marine  
  131  8:34  Marine  
  131  8:36  SCV  
  131  8:38  Marine  
  131  8:41  Marine x3  
  134  8:47  Marine  
  137  8:49  Refinery  
  142  8:57  Supply Depot  
Show
View Real Time Build Order
Export as new Build Order

SouLeer Zerg 

Build Orders: 3 Hatch before Pool, Muta Ling Bane 

Get SALT Encoding   

  12  0:00  Drone  
  13  0:12  Overlord  
  13  0:17  Drone  
  14  0:30  Drone x2  
  16  0:55  Hatchery  
  16  0:57  Drone  
  16  1:15  Hatchery  
  15  1:21  Drone  
  16  1:32  Spawning Pool  
  15  1:36  Drone  
  15  1:39  Drone  
  17  1:43  Drone  
  17  1:45  Extractor  
  17  1:48  Drone  
  18  1:58  Drone  
  19  2:11  Drone  
  20  2:16  Drone  
  20  2:19  Queen  
  20  2:21  Drone  
  27  2:33  Drone x2  
  27  2:40  Hatchery  
  24  2:45  Queen  
  24  2:48  Drone  
  27  2:53  Overlord  
  27  2:57  Drone  
  28  3:00  Drone x2  
  28  3:04  Drone  
  31  3:11  Queen  
  33  3:13  Drone  
  33  3:19  Drone  
  35  3:24  Metabolic Boost  
  35  3:27  Drone  
  36  3:34  Overlord  
  36  3:38  Queen, Extractor x2  
  38  3:46  Baneling Nest  
  37  3:49  Overlord  
  37  3:53  Drone x2  
  37  3:54  Drone x3  
  42  3:57  Zergling x2  
  42  3:58  Zergling x2  
  42  3:59  Zergling x2  
  42  4:01  Zergling x2  
  46  4:05  Zergling x4  
  46  4:08  Overlord  
  48  4:15  Queen  
  50  4:19  Drone x2  
  50  4:23  Drone  
  50  4:24  Drone x2  
  55  4:25  Drone  
  55  4:28  Drone  
  57  4:33  Spore Crawler  
  57  4:35  Drone, Spore Crawler  
  57  4:36  Drone  
  57  4:37  Drone  
  58  4:41  Drone x2  
  60  4:47  Drone  
  60  4:50  Drone  
  61  4:53  Lair  
  61  4:54  Drone x3  
  64  5:01  Drone, Spore Crawler  
  64  5:02  Drone  
  64  5:06  Overlord x2  
  65  5:17  Zergling x4  
  63  5:23  Zergling x6  
  63  5:24  Zergling x2  
  63  5:26  Drone x3  
  64  5:30  Drone x2  
  62  5:35  Drone x2  
  62  5:38  Drone x3  
  62  5:42  Drone x2  
  66  5:51  Drone x3  
  66  5:52  Overseer  
  66  5:56  Drone  
  69  5:59  Extractor x2  
  69  6:01  Drone, Spire  
  69  6:02  Drone  
  68  6:06  Drone  
  68  6:12  Drone x2  
  68  6:16  Extractor  
  68  6:18  Drone  
  69  6:23  Drone x2  
  69  6:24  Drone, Extractor x2, Overseer  
  70  6:29  Drone x3  
  73  6:37  Drone x4  
  77  6:46  Drone x3  
  80  6:53  Centrifical Hooks  
  79  6:55  Drone  
  79  6:57  Evolution Chamber x2, Zergling x2  
  79  6:58  Overlord x4  
  79  6:59  Overlord  
  79  7:00  Hatchery  
  78  7:02  Zergling x4  
  80  7:09  Zergling x4  
  80  7:11  Baneling x6  
  82  7:20  Zergling x8  
  82  7:21  Zergling x4  
  88  7:24  Zergling x6  
  88  7:28  Drone x2  
  93  7:34  Drone x2  
  95  7:40  Zergling x4  
  95  7:41  Baneling  
  95  7:42  Baneling x8  
  95  7:43  Zergling x6  
  100  7:44  Hatchery  
  100  7:47  Zergling x6  
  97  7:53  Zergling x6  
  97  7:54  Zergling x6  
  94  8:02  Zergling x2  
  94  8:03  Queen  
  94  8:04  Queen x2  
  98  8:08  Zergling x4  
  98  8:10  Overseer  
  97  8:15  Zergling x10  
  97  8:16  Zergling x2  
  97  8:19  Zergling x2  
  98  8:24  Zergling x4  
  99  8:27  Baneling x7  
  99  8:30  Zergling x2  
  99  8:34  Zergling x4  
  91  8:37  Zergling x6  
  92  8:42  Mutalisk x3  
  92  8:44  Baneling x3  

Tags
 
Add a new tag
Caveats
  • Supply blocks, unpowered buildings, or Contaminate may cause inaccurate times.
  • Supply counts are checked every 10 seconds.